 Dungeon Crawl Stone Soup version 0.25.0-45-g978344163c (webtiles) character file.

Game seed: 16577205692193272770

130 nikku the Sneak (level 5, -1/36 HPs)
             Began as an Octopode Assassin on July 11, 2020.
             Slain by an orc wizard
             ... wielding a +0 dagger
              (3 damage)
             ... on level 3 of the Dungeon.
             The game lasted 00:06:57 (2080 turns).

nikku the Sneak (Octopode Assassin)                 Turns: 2080, Time: 00:06:57

Health: -1/36      AC:  1    Str: 10    XL:     5   Next: 14%
Magic:  5/5        EV: 14    Int: 13    God:
Gold:   174        SH:  0    Dex: 15    Spells: 4/4 levels left

rFire    . . .     SeeInvis .   a - +2 dagger
rCold    . . .     Gourm    .   (no shield)
rNeg     . . .     Faith    .   (helmet restricted)
rPois    .         Spirit   .   (no amulet)
rElec    .         Reflect  .   (no ring)
rCorr    .         Harm     .   (no ring)
MR       .....                  (no ring)
Stlth    ++++......             (no ring)
HPRegen  0.12/turn              (no ring)
MPRegen  0.09/turn              (no ring)
                                (no ring)
                                (no ring)

@: no status effects
A: almost no armour, stealthy swim, amphibious, 8 rings, constrict 8, camouflage
1, gelatinous body 1
a: no special abilities


You were on level 3 of the Dungeon.
You were hungry.

You visited 1 branch of the dungeon, and saw 3 of its levels.

You collected 174 gold pieces.

Inventory:

Hand Weapons
 a - a +2 dagger (weapon)
Missiles
 b - 6 poisoned darts (quivered)
 c - 2 curare-tipped darts
 f - 27 sling bullets
Scrolls
 e - a scroll of enchant armour
Potions
 g - 2 potions of stabbing {unknown}
 h - a potion of might {unknown}
 k - a potion of flight {unknown}
Comestibles
 d - 4 rations
 i - 7 chunks of flesh


   Skills:
 + Level 3.1 Fighting
 + Level 2.9 Short Blades
 - Level 2.1 Throwing
 + Level 2.3 Dodging
 + Level 6.3 Stealth


You had 4 spell levels left.
You didn't know any spells.
Your spell library was empty.

Dungeon Overview and Level Annotations

Branches:
Dungeon (3/15)

Altars:
Gozag
Kikubaaqudgha
Okawaru
Xom
The Shining One


Innate Abilities, Weirdness & Mutations

You cannot wear most types of armour.
You are very stealthy in the water. (Stealth+)
You are amphibious.
You can wear up to eight rings at the same time.
You can use your tentacles to constrict eight enemies at once.
Your skin changes colour to match your surroundings (Stealth+).
Your rubbery body absorbs attacks. (AC +1, EV +1)


Message History

You hit the orc wizard but do no damage.
You squeeze the orc wizard.
You kill the orc wizard!
Your Fighting skill increases to level 3!
You have reached level 5!
You feel agile. The orc wizard casts a spell at you.
The puff of frost misses you.
You hit the orc. You grab the orc.
The orc is heavily wounded.
You constrict the orc. The orc closely misses you.
You completely miss the orc.
The orc is severely wounded.
You constrict the orc. The orc closely misses you.
You hit the orc.
You kill the orc!
The orc wizard casts a spell.
The orc wizard seems to speed up.
The orc wizard hits you with a +0 dagger.
You die...

##### # # .....#
(# .# ###### .#
..$ ..# #
###.#.... #.#
#.##........ #.#
#...o....... #.#
####@##.... #.#
#)# . #.# #.# #.#
#.# ..# #.# #.#
#.# #.# #######.#
..########.......#
#.#........#######


You could see an orc wizard (fast).

Vanquished Creatures
  2 orc wizards
  2 adders (D:2)
  An ooze (D:2)
  A dart slug (D:1)
  A worm (D:3)
  6 orcs
  A ball python (D:3)
  5 bats
  A giant cockroach (D:1)
  6 goblins
  2 hobgoblins
  2 jackals (D:1)
  6 kobolds
  A quokka (D:2)
  2 frilled lizards (D:1)
  4 rats
43 creatures vanquished.

Notes
Turn   | Place    | Note
-------+----------+-------------------------------------------
     0 | D:1      | nikku the Octopode Assassin began the quest for the Orb.
     0 | D:1      | Reached XP level 1. HP: 14/14 MP: 1/1
   154 | D:1      | Reached XP level 2. HP: 19/19 MP: 2/2
   830 | D:2      | Found an ancient bone altar of Kikubaaqudgha.
   893 | D:2      | Reached XP level 3. HP: 25/25 MP: 3/3
  1205 | D:2      | Found a glowing golden altar of the Shining One.
  1436 | D:2      | Found a shimmering altar of Xom.
  1448 | D:2      | Found an opulent altar of Gozag.
  1507 | D:2      | Reached XP level 4. HP: 30/30 MP: 4/4
  1915 | D:2      | Reached skill level 6 in Stealth
  2032 | D:3      | Found an iron altar of Okawaru.
  2075 | D:3      | HP: 1/30 [orc wizard/puff of frost (11)]
  2076 | D:3      | Reached XP level 5. HP: 1/36 MP: 5/5
  2080 | D:3      | Slain by an orc wizard

Illustrated notes

Levels and vault maps discovered:
D:1:      psy_arrival_fountain, layout_loops_ring
D:2:      layout_loops_cross, lemuel_coloured_pillars_altar, minitemple,
          nicolae_overflow_crystal_walls
D:3:      layout_loops_ring, nicolae_overflow_hidden_temple, chequers_avenue

Skill      XL: |  1  2  3  4 |
---------------+-------------+-----
Dodging        | 2 |  2.3
Stealth        | 6 |  6.3
Fighting       | 3 |  3.1
Short Blades   | |  2.9
Throwing       | |  2.1

Action                   |  1- 3 |  4- 6 || total
-------------------------+-------+-------++-------
Melee: Dagger            |    54 |    29 ||    83
       Constrict         |     7 |     6 ||    13
       Tentacles         |     2 |     5 ||     7
Throw: Dart              |     9 |     1 ||    10
  Use: Scroll            |     1 |     3 ||     4
 Stab: Sleeping          |    17 |     3 ||    20
  Eat: Chunk             |     2 |     1 ||     3
Armor: Skin              |     4 |     1 ||     5
Dodge: Dodged            |    28 |    10 ||    38
